[Event "Early-Titled-Tuesday-Blitz-February-06-2024"]
[Site "Chess.com"]
[Date "2024.02.06"]
[Round "5"]
[White "kingofthenil"]
[Black "Zohid6"]
[Result "0-1"]
[WhiteElo "2663"]
[BlackElo "2876"]
[TimeControl "180+1"]
[EndTime "8:59:58 PST"]
[Termination "Zohid6 won on time"]

1. d4 e6 2. Nf3 Nf6 3. c4 b6 4. g3 Bb7 5. Bg2 Bb4+ 6. Nbd2 O-O 7. O-O d6 8. Nb1 d5 9. cxd5 exd5 10. a3 Bd6 11.
Nc3 h6 12. Nb5 Be7 13. Bf4 Ne8 14. Rc1 c6 15. Nc3 Nf6 16. Ne5 Nbd7 17. e4 Rc8 18. exd5 cxd5 19. Qa4 Nxe5 20. dxe5 Ne4 21. Nxe4 dxe4 22.
Qxa7 Qd5 23. Qxb6 Bc5 24. Rxc5 Rxc5 25. Re1 Rb5 26. Qd6 Rxb2 27. Bxe4 Qxd6 28. exd6 Bxe4 29.
Rxe4 Rd8 30. h4 f6 31. h5 Rb5 32.
g4 f5 33. Re5 Rb1+ 34. Kg2 fxg4 35. Re7 Rb5 36. Be5 Rxe5 37. Rxe5 Rxd6 38. a4 Rd3 39. Re4 Rd5 40. Kg3 Rxh5 41. Kxg4 Rh1 42. a5 Ra1 43. Re5 Kf7 44. Rb5 Ra4+ 45. f4 Kg6 46. Rb6+ Kh7 47. a6 Ra5 48. Kg3 h5 49. Kh4 g6 50.
Rb7+ Kh6 51. a7 Ra3 52. Rb8 Rxa7 53. Rh8+ Kg7 54. Rb8 Ra4 55. Kg5 Ra5+ 56. Kh4 Rf5 57. Kg3 Kh6 58. Rb6 Ra5 59. Rc6 Ra3+ 60. Kh4 Ra5 61.
Rd6 Kg7 62. Rc6 Kf7 63. Rb6 Rd5 64. Rc6 Rd1 65. Kg3 Rg1+ 66. Kf3 Re1 67. Rc7+ Re7 68. Rc6 Re6 69. Rc5 Kf6 70. Rb5 Rd6 71. Kg3 Rd3+ 72. Kg2 Ra3 73. Kf2 Kg7 74. Kg2 Kh6 75. Rc5 h4 76.
Kh2 Rf3 77. Rc4 Kh5 78. Kg2 Rg3+ 79. Kh2 Ra3 80. Rc5+ Kh6 81. Rd5 Rf3 82. Rd4 Rg3 83. Rd5 Rg4 84. Rd4 Kh5 85. Rd5+ Kh6 86. Rd4 Kg7 87. Kh3 Rg1 88. Kxh4 Kf6 89. Rd5 Rg2 90.
Kh3 Rg1 91. Kh4 Ke6 92. Rg5 Rh1+ 93. Kg3 Kf6 94. Rc5 Rg1+ 95. Kf3 Ra1 96. Kg4 Rg1+ 97.
Kf3 Kg7 98. Rg5 Rf1+ 99. Kg3 Kh6 100. Rc5 Rg1+ 101. Kf3 Ra1 102. Kg3 Ra8 103. Kg4 Ra4 104. Rc7 Ra1 105. Rc6 Rg1+ 106. Kf3 Kh5 107. Rc8 Rf1+ 108. Kg3 Rg1+ 109. Kf3 Kh6 110. Rc7 Ra1 111. Rc6 Kh5 112. Rc8 Ra3+ 113. Ke4 Kg4 114. Rg8 Ra4+ 115. Ke5 Ra5+ 116. Ke4 Ra6 117. f5 g5 118. Rg6 Ra4+ 119. Ke5 Ra5+ 120. Ke4 Rxf5 121. Ke3 Rf8 122. Rc6 Kh3 123. Rh6+ Kg3 124. Ke2 g4 125. Ke1 Kg2 126. Re6 g3 127. Rg6 Kh2 128. Kd2 g2 129. Rh6+ Kg1 130. Ke2 Re8+ 131. Kd2 Re5 132. Rg6 Kf2 133. Rf6+ Kg3 134. Rg6+ Kf3 135. Rg7 Re4 0-1

[Event "Early-Titled-Tuesday-Blitz-February-06-2024"]
[Site "Chess.com"]
[Date "2024.02.06"]
[Round "6"]
[White "doctorcristian"]
[Black "SmirnovTimofey2000"]
[Result "1-0"]
[WhiteElo "2597"]
[BlackElo "1980"]
[TimeControl "180+1"]
[EndTime "9:01:49 PST"]
[Termination "doctorcristian won by checkmate"]

1. d4 d5 2. Bf4 Bf5 3. e3 e6 4.
Nf3 Nf6 5. Ne5 h6 6. g4 Bxg4 7.
Nxg4 Nxg4 8. Qxg4 g5 9. Be5 f6 10.
Qh5+ Ke7 11. Bg3 Nd7 12. Nc3 c5 13. Nb5 a6 14. Bd6# 1-0

[Event "Early-Titled-Tuesday-Blitz-February-06-2024"]
[Site "Chess.com"]
[Date "2024.02.06"]
[Round "6"]
[White "HansOnTwitch"]
[Black "MIJUAREZ"]
[Result "1-0"]
[WhiteElo "3170"]
[BlackElo "2530"]
[TimeControl "180+1"]
[EndTime "9:02:42 PST"]
[Termination "HansOnTwitch won by resignation"]

1. e4 e5 2. Nf3 Nf6 3. Nxe5 Qe7 4. Nd3 Qxe4+ 5. Qe2 d5 6. Nc3 Qxe2+ 7. Bxe2 Nc6 8. Nf4 Nb4 9. Kd1 Bf5 10. d3 O-O-O 11.
a3 Nc6 12. h3 d4 13. Nb1 Re8 14. g4 Bd7 15. g5 Ng8 16. Nd2 Nge7 17. Ne4 h6 18. gxh6 Rxh6 19. h4 Nf5 20. h5 a5 21.
Bd2 1-0

[Event "Early-Titled-Tuesday-Blitz-February-06-2024"]
[Site "Chess.com"]
[Date "2024.02.06"]
[Round "6"]
[White "volkanyirik"]
[Black "KbzasDavid16"]
[Result "0-1"]
[WhiteElo "2382"]
[BlackElo "2555"]
[TimeControl "180+1"]
[EndTime "9:03:13 PST"]
[Termination "KbzasDavid16 won by resignation"]

1. e4 c5 2. Nc3 Nc6 3. Bc4 e6 4. f4 g6 5. d3 Bg7 6. Nf3 Nge7 7. O-O a6 8. a4 O-O 9. Qe1 d5 10. Bb3 Nd4 11. Nxd4 cxd4 12. Ne2 dxe4 13. dxe4 d3 14. Nc3 Nc6 15. Be3 Nd4 16. Rd1 dxc2 17. Bxc2 Nxc2 18.
Rxd8 Rxd8 19. Bb6 Nxe1 20. Bxd8 Nd3 21. Bb6 Nxb2 0-1

[Event "Early-Titled-Tuesday-Blitz-February-06-2024"]
[Site "Chess.com"]
[Date "2024.02.06"]
[Round "6"]
[White "rubicapa"]
[Black "rikchessmx"]
[Result "0-1"]
[WhiteElo "2435"]
[BlackElo "2324"]
[TimeControl "180+1"]
[EndTime "9:03:13 PST"]
[Termination "rikchessmx won by resignation"]

1. e4 e5 2. Nf3 Nc6 3. Bb5 a6 4. Ba4 Bc5 5. d3 b5 6. Bb3 Qf6 7. O-O h6 8. c3 Nge7 9. a4 Rb8 10. Na3 O-O 11. Nc2 d6 12. d4 Bb6 13. h3 Ng6 14. Be3 Nf4 15. axb5 axb5 16. dxe5 Nxe5 17. Bxb6 Rxb6 18. Ncd4 Bxh3 19. Nxe5 dxe5 20. Nf5 Bxg2 0-1

[Event "Early-Titled-Tuesday-Blitz-February-06-2024"]
[Site "Chess.com"]
[Date "2024.02.06"]
[Round "6"]
[White "mertfelin"]
[Black "lluiss"]
[Result "1-0"]
[WhiteElo "2264"]
[BlackElo "2136"]
[TimeControl "180+1"]
[EndTime "9:03:16 PST"]
[Termination "mertfelin won by resignation"]

1. e4 e6 2. d4 d5 3. Nd2 Nf6 4. e5 Nfd7 5. Bd3 b6 6. Ngf3 Ba6 7. Nf1 Be7 8. Ng3 h5 9. h4 g6 10. c3 Bxd3 11. Qxd3 Kf8 12. Ng5 Kg7 13. O-O c5 14. f4 Nc6 15. Be3 c4 16. Qc2 b5 17.
f5 exf5 18. Nxf5+ gxf5 19. Rxf5 f6 20. Ne6+ 1-0

[Event "Early-Titled-Tuesday-Blitz-February-06-2024"]
[Site "Chess.com"]
[Date "2024.02.06"]
[Round "6"]
[White "VitaliyBernadskiy"]
[Black "dropstoneDP"]
[Result "1/2-1/2"]
[WhiteElo "2914"]
[BlackElo "3019"]
[TimeControl "180+1"]
[EndTime "9:03:44 PST"]
[Termination "Game drawn by agreement"]

1. d4 d5 2. c4 dxc4 3. e3 Nf6 4. Bxc4 e6 5. Nf3 c5 6. O-O Nc6 7. Nc3 a6 8. dxc5 Qxd1 9. Rxd1 Bxc5 10. Be2 O-O 11. a3 b5 12. b4 Be7 13. Bb2 Bb7 14. Nd2 Rfb8 15. Nb3 a5 16. Nxa5 Nxa5 17. bxa5 Bc6 18.
Na2 Rxa5 19. Nb4 Bd5 20. Bxf6 Bxf6 21. Nxd5 exd5 22. Rab1 Rxa3 23. Rxb5 Rxb5 24. Bxb5 Ra1 25. Rxa1 Bxa1 26. Kf1 Kf8 27. Bc6 d4 28. exd4 Bxd4 29. Be4 g6 30. Ke2 Kg7 1/2-1/2

[Event "Early-Titled-Tuesday-Blitz-February-06-2024"]
[Site "Chess.com"]
[Date "2024.02.06"]
[Round "6"]
[White "ulises2013"]
[Black "anasta10"]
[Result "1-0"]
[WhiteElo "2735"]
[BlackElo "2543"]
[TimeControl "180+1"]
[EndTime "9:03:50 PST"]
[Termination "ulises2013 won by resignation"]

1. e4 g6 2. g3 Bg7 3. Bg2 d6 4. Ne2 Nf6 5. O-O O-O 6. c3 e5 7. d4 Nc6 8. h3 Bd7 9. Be3 Re8 10.
d5 Ne7 11. c4 b6 12. Nbc3 a5 13. Kh2 Nh5 14. Qd2 f5 15. f4 exf4 16. Nxf4 Nxf4 17. Bxf4 fxe4 18. Nxe4 Nf5 19. Bg5 Qc8 20. Nf6+ Kh8 21. Nxe8 Qxe8 22. Rae1 Qc8 23. g4 Nd4 24. Bf6 c5 25.
Bxg7+ Kxg7 26. Re7+ 1-0

[Event "Early-Titled-Tuesday-Blitz-February-06-2024"]
[Site "Chess.com"]
[Date "2024.02.06"]
[Round "6"]
[White "PedroGil25"]
[Black "hmatyi07"]
[Result "1-0"]
[WhiteElo "2399"]
[BlackElo "2202"]
[TimeControl "180+1"]
[EndTime "9:03:59 PST"]
[Termination "PedroGil25 won by checkmate"]

1. e4 c5 2. Nf3 e6 3. c3 Nf6 4. e5 Nd5 5. d4 cxd4 6. cxd4 b6 7.
Nc3 Nxc3 8. bxc3 Qc7 9. Bd2 Bb7 10. Be2 Be7 11. O-O d6 12. Rc1 Nd7 13. Bf4 h6 14. c4 g5 15. exd6 Bxd6 16. Bxd6 Qxd6 17. c5 bxc5 18. dxc5 Qc6 19. Qb3 a6 20. Rfd1 O-O-O 21. Rd6 Qe4 22. c6 Qxe2 23. Qxb7# 1-0

[Event "Early-Titled-Tuesday-Blitz-February-06-2024"]
[Site "Chess.com"]
[Date "2024.02.06"]
[Round "6"]
[White "Goryachkina"]
[Black "MasterKroket"]
[Result "1/2-1/2"]
[WhiteElo "2671"]
[BlackElo "2499"]
[TimeControl "180+1"]
[EndTime "9:04:03 PST"]
[Termination "Game drawn by repetition"]

1. e4 e5 2. Nf3 Nc6 3. d4 exd4 4. Nxd4 Bc5 5. Be3 Qf6 6. c3 Nge7 7. Bc4 Ne5 8. Be2 d6 9. O-O Qg6 10. Kh1 Ng4 11.
Bxg4 Bxg4 12. f3 Bd7 13. Nd2 O-O 14. b4 Bb6 15. a4 c6 16. a5 Bc7 17. Bf4 f5 18.
exf5 Nxf5 19. Nxf5 Bxf5 20. Bg3 Rae8 21. Re1 Bc2 22.
Qc1 h6 23. Nc4 Bb3 24. Nd2 Bc2 25. Nc4 Bd3 26. Nd2 Bc2 1/2-1/2

[Event "Early-Titled-Tuesday-Blitz-February-06-2024"]
[Site "Chess.com"]
[Date "2024.02.06"]
[Round "6"]
[White "The_Machine04"]
[Black "losersgame"]
[Result "1-0"]
[WhiteElo "2705"]
[BlackElo "2530"]
[TimeControl "180+1"]
[EndTime "9:04:11 PST"]
[Termination "The_Machine04 won by resignation"]

1. d4 Nf6 2. Nf3 g6 3. Nbd2 Bg7 4. e4 d6 5. Bc4 O-O 6. O-O c6 7. Bb3 Qc7 8. Qe2 e5 9. dxe5 dxe5 10. Rd1 Nbd7 11.
c3 Nc5 12. Bc2 h6 13. a4 a5 14. b3 Rd8 15. Ba3 Ne6 16. Nc4 Nf4 17. Qe3 Ng4 18.
Qb6 1-0

[Event "Early-Titled-Tuesday-Blitz-February-06-2024"]
[Site "Chess.com"]
[Date "2024.02.06"]
[Round "6"]
[White "Bauman_Guy"]
[Black "MagnusCarlsen"]
[Result "1/2-1/2"]
[WhiteElo "2863"]
[BlackElo "3333"]
[TimeControl "180+1"]
[EndTime "9:04:34 PST"]
[Termination "Game drawn by agreement"]

1. e4 c5 2. Nf3 a6 3. d4 cxd4 4.
Nxd4 e5 5. Nf3 Nf6 6. Nc3 Bb4 7. Bd2 O-O 8. Bd3 Nc6 9. O-O d6 10. a3 Bc5 11. h3 h6 12. Qe2 Re8 13. Be3 Nd4 14.
Qd1 Bd7 15. Bxd4 exd4 16. Ne2 Nxe4 17. Nexd4 Ng5 18. c3 Qf6 19. Qd2 Bxd4 20. Nxd4 Ne4 21. Qc2 d5 22. Rae1 Nc5 23. Be2 Ne6 24. Qd2 Nf4 25.
Bf3 Qg5 26. Kh2 Bc6 27. Rxe8+ Rxe8 28. Re1 Nxh3 29. Rxe8+ Bxe8 30. Qxg5 Nxg5 31. Bxd5 b6 32. b4 Kf8 33. Kg3 Ke7 34. Kf4 Kd6 35. Bb7 a5 36.
Ke3 Ne6 37. Nxe6 fxe6 38. f4 e5 1/2-1/2

[Event "Early-Titled-Tuesday-Blitz-February-06-2024"]
[Site "Chess.com"]
[Date "2024.02.06"]
[Round "6"]
[White "emeli_chess"]
[Black "LuisFSiles"]
[Result "0-1"]
[WhiteElo "2410"]
[BlackElo "2253"]
[TimeControl "180+1"]
[EndTime "9:04:34 PST"]
[Termination "LuisFSiles won by resignation"]

1. d4 Nf6 2. c4 g6 3. Nc3 d5 4.
cxd5 Nxd5 5. e4 Nxc3 6. bxc3 Bg7 7. Bc4 c5 8. Ne2 O-O 9. Be3 Nc6 10. h4 cxd4 11. cxd4 e5 12. d5 Nd4 13. Nxd4 exd4 14.
Bxd4 Qa5+ 15. Kf1 Qb4 16. Rc1 Bxd4 17. Qxd4 b5 18. h5 bxc4 19. h6 f6 20. e5 Ba6 21.
e6 c3+ 0-1

[Event "Early-Titled-Tuesday-Blitz-February-06-2024"]
[Site "Chess.com"]
[Date "2024.02.06"]
[Round "6"]
[White "NEPHILIM-SLAYER"]
[Black "Iball95"]
[Result "1-0"]
[WhiteElo "2758"]
[BlackElo "2909"]
[TimeControl "180+1"]
[EndTime "9:04:35 PST"]
[Termination "NEPHILIM-SLAYER won by resignation"]

1. Nf3 d5 2. c4 e6 3. e3 Nf6 4. Nc3 c5 5. d4 Nc6 6. cxd5 exd5 7. Bb5 cxd4 8. Nxd4 Bd7 9. O-O Bd6 10. Nf3 Be6 11. b3 O-O 12. Bb2 Rc8 13. Rc1 Qe7 14. Nd4 Bg4 15. Nxd5 Bxh2+ 16. Kh1 Nxd5 17. Qxg4 Nf6 18.
Nxc6 bxc6 19. Bxf6 Qxf6 20. Ba6 h5 21. Qh3 Rce8 22.
Qxh2 Re4 23. Rc4 Rfe8 24. Rxe4 Rxe4 25. Qb8+ Qd8 26. Qxd8+ 1-0

[Event "Early-Titled-Tuesday-Blitz-February-06-2024"]
[Site "Chess.com"]
[Date "2024.02.06"]
[Round "6"]
[White "ural58"]
[Black "disciplinedbrat"]
[Result "1-0"]
[WhiteElo "2486"]
[BlackElo "2290"]
[TimeControl "180+1"]
[EndTime "9:04:35 PST"]
[Termination "ural58 won by resignation"]

1. e4 Nf6 2. e5 Nd5 3. d4 d6 4.
c4 Nb6 5. f4 g6 6. Nc3 Bg7 7. c5 N6d7 8. cxd6 exd6 9. Nf3 O-O 10. Bc4 dxe5 11. dxe5 Nb6 12. Qxd8 Rxd8 13. Bb3 Nc6 14. O-O Bf5 15. Be3 Rd3 16. Bf2 h6 17. Nb5 Rd7 18. Nbd4 Rad8 19. Nxf5 gxf5 20. e6 Rd3 21.
exf7+ Kh8 22. Rae1 Bxb2 23. Re8+ Kg7 24. f8=Q+ 1-0

[Event "Early-Titled-Tuesday-Blitz-February-06-2024"]
[Site "Chess.com"]
[Date "2024.02.06"]
[Round "6"]
[White "AlexeiShirov"]
[Black "TigrVShlyape"]
[Result "1/2-1/2"]
[WhiteElo "2786"]
[BlackElo "2963"]
[TimeControl "180+1"]
[EndTime "9:04:36 PST"]
[Termination "Game drawn by agreement"]

1. e4 c5 2. Nf3 e6 3. d4 cxd4 4. Nxd4 a6 5. c4 Nf6 6. Nc3 Bb4 7. Qd3 d5 8. exd5 exd5 9. Be2 O-O 10. O-O Nc6 11.
Nxc6 bxc6 12. cxd5 Nxd5 13. Nxd5 Qxd5 14. Qxd5 cxd5 15. Bf3 Be6 16. Rd1 Rfd8 17. Be3 a5 18. Rac1 Be7 19. Bb6 Rdb8 20. Bd4 Bf6 21. Bxf6 gxf6 22.
Bxd5 Bxd5 23. Rxd5 Rxb2 24. h3 Rxa2 25. Rc7 a4 26.
Rdd7 Rf8 27. Ra7 a3 28. Rd3 Re8 29. Rdxa3 Rxa3 30. Rxa3 Re2 31. Rg3+ Kf8 1/2-1/2

[Event "Early-Titled-Tuesday-Blitz-February-06-2024"]
[Site "Chess.com"]
[Date "2024.02.06"]
[Round "6"]
[White "Adekrisna123"]
[Black "Maitreia"]
[Result "0-1"]
[WhiteElo "2548"]
[BlackElo "2752"]
[TimeControl "180+1"]
[EndTime "9:04:37 PST"]
[Termination "Maitreia won by resignation"]

1. d4 Nf6 2. Bf4 g6 3. Nc3 Bg7 4. e4 d6 5. Qd2 O-O 6. O-O-O Nc6 7. Bh6 e5 8. Bxg7 Kxg7 9. Nge2 Re8 10. d5 Ne7 11. f3 h5 12. g3 Neg8 13. Bg2 a6 14.
f4 Bg4 15. h3 Bxe2 16. Qxe2 b5 17. f5 b4 18. Na4 Qd7 19. b3 gxf5 20. exf5 Qxf5 21.
Rdf1 Qg5+ 22. Kb2 Qxg3 23. Bf3 Kf8 24. Bxh5 e4 25. Rf5 Re5 26. Rhf1 Rxf5 27. Rxf5 Qxh3 28.
Qf1 Qxf1 0-1

[Event "Early-Titled-Tuesday-Blitz-February-06-2024"]
[Site "Chess.com"]
[Date "2024.02.06"]
[Round "6"]
[White "Cheer_Down"]
[Black "Martial2008"]
[Result "0-1"]
[WhiteElo "2512"]
[BlackElo "2684"]
[TimeControl "180+1"]
[EndTime "9:04:48 PST"]
[Termination "Martial2008 won by resignation"]

1. d4 Nf6 2. Nf3 e6 3. Bf4 c5 4. e3 cxd4 5. exd4 b6 6. Bd3 Bb7 7. O-O Be7 8. c4 O-O 9. Nc3 d6 10. h3 Nbd7 11. b4 Rc8 12. Re1 Re8 13. a3 a6 14. Qd2 Rc7 15. c5 bxc5 16. bxc5 dxc5 17. Bxc7 Qxc7 18. Ne4 cxd4 19. Nxd4 Rd8 20. Qe3 Ne5 21. Nxf6+ Bxf6 22. Be4 Bxe4 23. Qxe4 Rxd4 24. Qxd4 Nf3+ 25. gxf3 Bxd4 26. Rac1 Qb7 27. Rb1 Qa7 0-1

[Event "Early-Titled-Tuesday-Blitz-February-06-2024"]
[Site "Chess.com"]
[Date "2024.02.06"]
[Round "6"]
[White "GMCorinnaKopff"]
[Black "blitzking1729"]
[Result "0-1"]
[WhiteElo "2379"]
[BlackElo "2743"]
[TimeControl "180+1"]
[EndTime "9:04:50 PST"]
[Termination "blitzking1729 won by resignation"]

1. e4 d6 2. d4 Nf6 3. Nc3 e5 4. Nge2 exd4 5. Nxd4 Be7 6. g3 O-O 7. Bg2 Nc6 8. O-O Bg4 9. f3 Bd7 10. Be3 Re8 11. Qd2 Bf8 12. Rae1 h6 13. h3 Ne5 14. b3 c5 15. Nde2 Bc6 16. Nf4 Ned7 17. Nfd5 b5 18. Nxf6+ Nxf6 19. Qf2 b4 20. Ne2 d5 21. Bxc5 dxe4 22.
Bxf8 e3 23. Qxe3 Rxe3 24. Bc5 Re8 25. Kh2 Qd2 26. Nd4 0-1

[Event "Early-Titled-Tuesday-Blitz-February-06-2024"]
[Site "Chess.com"]
[Date "2024.02.06"]
[Round "6"]
[White "Kunalm64"]
[Black "NewYearGirl"]
[Result "1-0"]
[WhiteElo "2567"]
[BlackElo "2349"]
[TimeControl "180+1"]
[EndTime "9:04:53 PST"]
[Termination "Kunalm64 won by resignation"]

1. e4 c5 2. Nf3 d6 3. Bb5+ Bd7 4. Bxd7+ Qxd7 5. c4 Nc6 6. d4 cxd4 7. Nxd4 g6 8.
O-O Nxd4 9. Qxd4 Nf6 10. Nc3 Bg7 11. Be3 O-O 12. Qd3 Ng4 13. Bd4 Ne5 14. Bxe5 Bxe5 15. f4 Bxc3 16. Qxc3 Rac8 17. Qd3 Qc6 18. b3 a5 19. a4 Ra8 20. f5 Ra6 21. f6 e6 22. Kh1 Rd8 23. Qe3 Qe8 24. Rad1 d5 25. e5 h5 26. Rd4 dxc4 27. Qh6 1-0

[Event "Early-Titled-Tuesday-Blitz-February-06-2024"]
[Site "Chess.com"]
[Date "2024.02.06"]
[Round "6"]
[White "pavet"]
[Black "Salem-AR"]
[Result "0-1"]
[WhiteElo "2771"]
[BlackElo "2946"]
[TimeControl "180+1"]
[EndTime "9:04:55 PST"]
[Termination "Salem-AR won by resignation"]

1. e4 e5 2. Nf3 Nc6 3. Bc4 Nf6 4. d3 Bc5 5. O-O O-O 6. Nc3 a6 7. Be3 Bxe3 8. fxe3 d6 9. Qe1 Na5 10. Bb3 c6 11. Nh4 Nxb3 12. axb3 d5 13. exd5 cxd5 14. e4 d4 15. Nd1 Be6 16. Qg3 Nh5 17. Qf2 Nf4 18.
Kh1 Rc8 19. g3 Nh3 20. Qg2 Ng5 21. Qd2 Bh3 22. Re1 Qf6 23. Nf2 Nf3 24. Qe2 Nxe1 25.
Rxe1 Bd7 26. Rf1 Qc6 27. Rc1 f5 28. Kg1 f4 29. Nf3 fxg3 30. hxg3 Qh6 31. Rf1 Qe3 0-1

[Event "Early-Titled-Tuesday-Blitz-February-06-2024"]
[Site "Chess.com"]
[Date "2024.02.06"]
[Round "6"]
[White "Capiberibe"]
[Black "LaPiToB"]
[Result "0-1"]
[WhiteElo "2094"]
[BlackElo "2308"]
[TimeControl "180+1"]
[EndTime "9:04:57 PST"]
[Termination "LaPiToB won by resignation"]

1. e4 c6 2. d4 d5 3. Nd2 dxe4 4. Nxe4 Nf6 5. Nxf6+ exf6 6. c3 Bd6 7. Bd3 O-O 8.
Qc2 Re8+ 9. Ne2 h5 10. Be3 Nd7 11. O-O-O Nf8 12. Kb1 Be6 13. h3 Bd5 14. Nf4 Bxf4 15.
Bxf4 Bxg2 16. Rhg1 Qd5 17. Bf1 Be4 18. Bd3 Bxd3 19.
Qxd3 Qe4 20. Bh6 g6 21. Bxf8 Kxf8 22. Qxe4 Rxe4 23. Rd2 Rae8 24. Rg3 Re1+ 25. Kc2 Rh1 26. Rf3 f5 27. Kd3 Ree1 28. c4 Ke7 29. d5 cxd5 30. cxd5 Kd6 31. Kd4 Re4+ 32. Kc3 Rc1+ 33. Kb3 Rc5 34. Rfd3 a5 35. a3 b5 36. Ka2 Re5 37.
b4 axb4 38. axb4 Rcxd5 0-1

[Event "Early-Titled-Tuesday-Blitz-February-06-2024"]
[Site "Chess.com"]
[Date "2024.02.06"]
[Round "6"]
[White "Ural_bogatyr"]
[Black "Cubitas"]
[Result "1-0"]
[WhiteElo "2558"]
[BlackElo "2709"]
[TimeControl "180+1"]
[EndTime "9:05:00 PST"]
[Termination "Ural_bogatyr won by resignation"]

1. d4 Nf6 2. Nc3 g6 3. e4 d6 4. Nf3 Bg7 5. Be3 O-O 6. Qd2 Ng4 7. Bg5 h6 8. Bh4 g5 9. Bg3 f5 10. exf5 Bxf5 11. h4 gxh4 12. Bc4+ d5 13. Bxd5+ e6 14. Bxh4 Qc8 15. Bc4 c5 16. d5 a6 17. a4 Qe8 18.
O-O e5 19. Rae1 e4 20. Bg3 Qh5 21. Nh4 Nd7 22. Nxe4 Qg6 23. Nxg6 1-0

[Event "Early-Titled-Tuesday-Blitz-February-06-2024"]
[Site "Chess.com"]
[Date "2024.02.06"]
[Round "6"]
[White "Sina_Movahed"]
[Black "ValentunHulka"]
[Result "1-0"]
[WhiteElo "3020"]
[BlackElo "2815"]
[TimeControl "180+1"]
[EndTime "9:05:02 PST"]
[Termination "Sina_Movahed won by resignation"]

1. Nf3 d5 2. c4 e6 3. g3 Nf6 4. Bg2 Be7 5. O-O O-O 6. d4 dxc4 7. Qc2 a6 8. a4 Bd7 9. Qxc4 Bc6 10. Bg5 Nbd7 11. Rd1 h6 12. Bf4 Bd6 13. Nc3 Bxf4 14. gxf4 Bxf3 15. Bxf3 c6 16. e4 a5 17. Kh1 Qc7 18.
e5 Nh7 19. Rg1 Kh8 20. Rg3 Nb6 21. Qd3 Nd5 22. Rag1 Rg8 23. f5 Qb6 24. fxe6 fxe6 25.
Be4 Nf8 26. Qd2 Nh7 27. Bxh7 Kxh7 28. Ne4 Raf8 29. Ng5+ Kh8 30. Nxe6 Rf7 31. Qxh6+ 1-0

[Event "Early-Titled-Tuesday-Blitz-February-06-2024"]
[Site "Chess.com"]
[Date "2024.02.06"]
[Round "6"]
[White "KuzubovYuriy"]
[Black "Kildepiotr"]
[Result "1-0"]
[WhiteElo "2908"]
[BlackElo "2680"]
[TimeControl "180+1"]
[EndTime "9:05:06 PST"]
[Termination "KuzubovYuriy won by resignation"]

1. d4 Nf6 2. Nf3 d5 3. c4 dxc4 4. e3 e6 5. Bxc4 c5 6. O-O a6 7.
Be2 b5 8. a4 b4 9. b3 Bb7 10. Bb2 Nbd7 11. Nbd2 Be7 12. Ne5 Nxe5 13. dxe5 Ne4 14. Nc4 O-O 15. Qc2 f5 16. Rad1 Qc7 17.
f3 Ng5 18. Nd6 Bd5 19. Bc4 Bxd6 20. exd6 Qxd6 21. h4 Nf7 22. e4 fxe4 23. fxe4 Bxc4 24. Rxd6 Bxf1 25. Rd1 1-0

[Event "Early-Titled-Tuesday-Blitz-February-06-2024"]
[Site "Chess.com"]
[Date "2024.02.06"]
[Round "6"]
[White "Arystanner"]
[Black "Viktor_Poddubnyi"]
[Result "1-0"]
[WhiteElo "2865"]
[BlackElo "2270"]
[TimeControl "180+1"]
[EndTime "9:05:06 PST"]
[Termination "Arystanner won by resignation"]

1. d4 g6 2. Nf3 Bg7 3. Nbd2 d6 4.
e4 Nf6 5. Bb5+ c6 6. Bd3 O-O 7. O-O Nbd7 8. Re1 e5 9. c3 Qe7 10. Nf1 a5 11. a4 b6 12. Ng3 Bb7 13. h3 Rfe8 14. Be3 Rad8 15. Qb3 Rb8 16. Bc4 d5 17. exd5 cxd5 18. Bb5 e4 19. Nd2 h5 20. Ne2 Red8 21. c4 dxc4 22. Bxc4 Ba8 23. Nc3 Nf8 24. Rad1 Ne6 25. Nb5 Nc7 26. Bxf7+ Qxf7 27. Qxf7+ Kxf7 28.
Nxc7 Bc6 29. Nb5 Bxb5 30. axb5 Nd5 31. Nxe4 Rbc8 32. Rc1 Nb4 33. Rxc8 Rxc8 34. Nd6+ 1-0

[Event "Early-Titled-Tuesday-Blitz-February-06-2024"]
[Site "Chess.com"]
[Date "2024.02.06"]
[Round "6"]
[White "marcodobrikov"]
[Black "Herman-NY"]
[Result "0-1"]
[WhiteElo "2668"]
[BlackElo "2527"]
[TimeControl "180+1"]
[EndTime "9:05:07 PST"]
[Termination "Herman-NY won by checkmate"]

1. c4 Nf6 2. g3 g6 3. Bg2 Bg7 4.
Nc3 O-O 5. e4 d6 6. Nge2 e5 7.
O-O Nc6 8. b3 Nd7 9. Bb2 Nc5 10.
Nd5 Nd3 11. Bc3 Nd4 12. Nc1 Nc5 13. b4 Nce6 14. Nb3 f5 15. d3 f4 16. b5 f3 17. Bh3 Ne2+ 18. Kh1 c6 19. bxc6 bxc6 20. Ba5 Qe8 21. Ne3 Ng5 22. Bxc8 Qxc8 23. Nd2 Qh3 24. Nxf3 Nxf3 25. Qxe2 Qxh2# 0-1

[Event "Early-Titled-Tuesday-Blitz-February-06-2024"]
[Site "Chess.com"]
[Date "2024.02.06"]
[Round "6"]
[White "cristiano78"]
[Black "maurovargas01"]
[Result "1-0"]
[WhiteElo "2274"]
[BlackElo "1890"]
[TimeControl "180+1"]
[EndTime "9:05:07 PST"]
[Termination "cristiano78 won by checkmate"]

1. d4 d5 2. c4 c6 3. Nf3 e6 4.
Nc3 dxc4 5. a4 Bb4 6. e3 b5 7. Bd2 Bxc3 8. Bxc3 a6 9. b3 a5 10.
axb5 cxb5 11. bxc4 bxc4 12. Bxc4 Bb7 13. O-O Nf6 14.
Bb5+ Nbd7 15. Qa4 O-O 16. Bxa5 Qb8 17. Bxd7 Rxa5 18. Qxa5 Nxd7 19. Rfb1 Rc8 20. Rb2 Qc7 21. Qxc7 Rxc7 22. Ne5 f6 23. Nxd7 Rxd7 24. Ra7 Rc7 25. Rb1 Be4 26. Rb8+ Rc8 27. Rxc8# 1-0

[Event "Early-Titled-Tuesday-Blitz-February-06-2024"]
[Site "Chess.com"]
[Date "2024.02.06"]
[Round "6"]
[White "Qingdom"]
[Black "iJueles"]
[Result "0-1"]
[WhiteElo "2130"]
[BlackElo "2450"]
[TimeControl "180+1"]
[EndTime "9:05:08 PST"]
[Termination "iJueles won by resignation"]

1. d4 Nf6 2. Bg5 d5 3. e3 Ne4 4. Bf4 c5 5. Bd3 cxd4 6. exd4 Nf6 7. Nd2 Nc6 8. c3 Bg4 9. Qb3 Qd7 10. h3 Bh5 11.
Ngf3 e6 12. Ne5 Qc8 13. Qa4 Nd7 14. Nxc6 bxc6 15. b4 Nb6 16. Qa6 Kd7 17. a4 Bg6 18. Qxc8+ Nxc8 19. Ba6 Bd6 20. Bxd6 Nxd6 21. a5 Rab8 22.
Ke2 Rhe8 23. f4 f6 24. Nf3 Be4 25. Kf2 Bg6 26. Nd2 e5 27. fxe5 fxe5 28. dxe5 Rxe5 29. Rhe1 Rf8+ 30. Kg1 Rg5 31. Re2 Ne4 32. Nxe4 Bxe4 33. Rf1 Rxf1+ 34. Kxf1 Rg3 35. c4 Bd3 36. cxd5 Bxa6 37.
dxc6+ Kxc6 38. Kf2 Rxg2+ 39. Kxg2 Bxe2 40. Kf2 Bh5 41. Ke3 Kb5 0-1

[Event "Early-Titled-Tuesday-Blitz-February-06-2024"]
[Site "Chess.com"]
[Date "2024.02.06"]
[Round "6"]
[White "SharapovEvgeny"]
[Black "PavelShkapenko"]
[Result "0-1"]
[WhiteElo "2533"]
[BlackElo "2765"]
[TimeControl "180+1"]
[EndTime "9:05:12 PST"]
[Termination "PavelShkapenko won by checkmate"]

1. e4 e5 2. Nf3 Nc6 3. Bb5 Bc5 4. O-O d6 5. c3 Bd7 6. d4 Bb6 7. d5 Nb8 8. Bxd7+ Nxd7 9. c4 Ngf6 10. Nc3 Ba5 11. Bg5 Bxc3 12. bxc3 h6 13. Bxf6 Qxf6 14.
Nd2 Nc5 15. f3 Qg5 16. Kh1 O-O 17. Nb3 Nd7 18. Qe2 b6 19. g3 a5 20. f4 Qf6 21. f5 a4 22. Nc1 Nc5 23. Nd3 Nxd3 24. Qxd3 Ra5 25. g4 Rc5 26. Rg1 Rc8 27. Rg3 c6 28. Rag1 Qg5 29. Rh3 cxd5 30. cxd5 Rc4 31. Rh5 Qf4 32. g5 Rxc3 33. Qe2 Rc2 34. Qg4 hxg5 35.
Rxg5 Qxh2# 0-1